 Dungeon Crawl Stone Soup version 0.28.0-53-g5a82cb258f (webtiles) character file.

Game seed: 10648980033841719295

56 Gabide the Insei (level 3, -4/20 HPs)
             Began as a Vine Stalker Monk on May 30, 2022.
             Slain by Terence
             ... wielding a +0 morningstar
              (8 damage)
             ... on level 2 of the Dungeon.
             The game lasted 00:02:28 (1968 turns).

Gabide the Insei (Vine Stalker Monk)                Turns: 1968, Time: 00:02:29

Health: -4/20      AC:  2    Str: 13    XL:     3   Next: 95%
Magic:  0/4        EV: 13    Int: 10    God:
Gold:   23         SH:  0    Dex: 18    Spells: 2/2 levels left

rFire   . . .      SeeInvis .     - Unarmed
rCold   . . .      Faith    .   (no shield)
rNeg    . . .      Spirit   +   a - +0 robe
rPois   .          Reflect  .   (no helmet)
rElec   .          Harm     .   (no cloak)
rCorr   .          Rampage  .   (no gloves)
Will    .....                   (no boots)
Stlth   ++........              (no amulet)
HPRegen 0.06/turn               (no ring)
MPRegen 0.09/turn               (no ring)

@: no status effects
A: fangs 2, magic shield, antimagic bite, no potion heal 2
a: no special abilities


You were on level 2 of the Dungeon.
You visited 1 branch of the dungeon, and saw 2 of its levels.

You collected 23 gold pieces.

Inventory:

Missiles
 b - 72 stones (quivered)
Armour
 a - a +0 robe (worn)
Potions
 c - 2 potions of curing {unknown}
 d - a potion of brilliance {unknown}
 e - a potion of might {unknown}
 f - a potion of heal wounds {unknown}


   Skills:
 - Level 3.0 Fighting
 - Level 3.0 Dodging
 - Level 2.5 Stealth
 + Level 4.0 Unarmed Combat


You had 2 spell levels left.
You didn't know any spells.
Your spell library was empty.

Dungeon Overview and Level Annotations

Branches:
Dungeon (2/15)

Altars:

Shops:
D:1 =

Annotations:
D:2 Terence


Innate Abilities, Weirdness & Mutations

You have extremely sharp teeth.
When hurt, damage is shared between your health and your magic reserves.
Your bite disrupts and absorbs the magic of your enemies.
Potions cannot restore your health.


Message History

Terence misses you.
You closely miss Terence. Your bite misses Terence.
Terence hits you with a +0 morningstar.
You closely miss Terence. You bite Terence, but do no damage.
You hit Terence but do no damage. Terence hits you with a +0 morningstar.
You closely miss Terence. You punch Terence, but do no damage.
Terence closely misses you.
You closely miss Terence. You bite Terence. You drain his power.
You feel invigorated.
Terence is lightly wounded.
Terence hits you with a +0 morningstar!
You are too injured to fight recklessly!
You are too injured to fight recklessly!
You are too injured to fight recklessly!
You are too injured to fight recklessly!
You are too injured to fight recklessly!
You are too injured to fight recklessly!
You are too injured to fight recklessly!
You are too injured to fight recklessly!
You are too injured to fight recklessly!
You are too injured to fight recklessly!
You are too injured to fight recklessly!
You are too injured to fight recklessly!
You are too injured to fight recklessly!
You are too injured to fight recklessly!
You are too injured to fight recklessly!
You are too injured to fight recklessly!
You are too injured to fight recklessly!
You are too injured to fight recklessly!
You are too injured to fight recklessly!
You are too injured to fight recklessly!
You are too injured to fight recklessly!
You hit Terence but do no damage. You bite Terence. You drain his power.
You feel invigorated.
Terence is moderately wounded.
Terence says, "Don't bother to defend, it's senseless."
Terence hits you with a +0 morningstar.
* * * LOW HITPOINT WARNING * * *
Terence hits you with a +0 morningstar!
You die...

.# #.........#####.#
.####รท.......# #.####
.....).#.....# #....#
########.....# ####.#
............# #.#
#########....# #)#
.............# #.#
.#####.......########.####.#
.............@@....>..)..#
####.......########.######
#.......# #.# #.......# #.#
#.......# #<# #.......# ###
#.......# #.......#


You could see Terence.

Vanquished Creatures
  Natasha (D:2)
  3 ball pythons (D:1)
  3 endoplasms (D:1)
  A giant cockroach (D:1)
  2 goblins (D:1)
  3 hobgoblins (D:1)
  4 kobolds
  3 quokkas
  2 bats (D:1)
  4 frilled lizards (D:1)
  A rat (D:1)
27 creatures vanquished.

Vanquished Creatures (collateral kills)
  A quokka (D:1)
1 creature vanquished.

Grand Total: 28 creatures vanquished

Notes
Turn   | Place    | Note
-------+----------+-------------------------------------------
     0 | D:1      | Gabide the Vine Stalker Monk began the quest for the Orb.
     0 | D:1      | Reached XP level 1. HP: 11/11 MP: 2/2
   229 | D:1      | Found Aqoasai's Jewellery Shop.
   267 | D:1      | Reached XP level 2. HP: 2/16 MP: 3/3
   963 | D:1      | Reached XP level 3. HP: 14/20 MP: 4/4
  1658 | D:2      | Noticed Natasha
  1670 | D:2      | Killed Natasha
  1675 | D:2      | Reached skill level 4 in Unarmed Combat
  1946 | D:2      | Noticed Terence
  1968 | D:2      | Slain by Terence

Illustrated notes

Levels and vault maps discovered:
D:1:      lemuel_arrival_muddy, layout_basic, serial_shops, shop
D:2:      layout_basic, uniq_natasha, uniq_terence

Skill      XL: |  1  2  3 |
---------------+----------+-----
Fighting       | 3 |  3.0
Dodging        | 3 |  3.0
Unarmed Combat | 4 |  4.0
Stealth        | |  2.5

Action                   || total
-------------------------++-------
Melee: Unarmed           ||    81
       Bite              ||    20
       Punch             ||     2
Throw: Stone             ||    29
  Use: Scroll            ||     1
 Stab: Sleeping          ||     4
Armor: Robe              ||     9
Dodge: Dodged            ||    44
